 Dungeon Crawl Stone Soup version 0.32-a0-42-ga30500b4d3 (webtiles) character file.

Game seed: 14650552015102435891

144 anacleto the Changeling (level 5, -4/72 HPs)
             Began as a Troll Shapeshifter on Jan 27, 2024.
             Slain by an iguana (8 damage)
             ... on level 4 of the Dungeon.
             The game lasted 00:04:11 (1830 turns).

anacleto the Changeling (Troll Shapeshifter)        Turns: 1830, Time: 00:04:12

Health: -4/72      AC: 22    Str: 24    XL:     5   Next: 5%
Magic:  4/4        EV:  1    Int:  6    God:
Gold:   176        SH:  0    Dex: 15    Spells: 4/4 levels left

rFire   . .          .
                       - Unarmed
rCold   . . .        (no shield)
rNeg    . . .        a - melded +0 animal skin
rPois   +            (helmet currently unavailable)
rElec   .            o - melded +0 cloak
rCorr   .            (gloves unavailable)
SInv    .            (boots unavailable)
Will    +....        (no amulet)
Stlth   +            g - +6 ring of dexterity
HPRegen 1.12/turn    (no ring)
MPRegen 0.09/turn

%: no passive effects
@: tree-form, enlightened
A: stationary, stasis, torment immunity, boosted hp, large, unfitting armour,
(claws 3), regeneration 1, (shaggy fur 1), (tough skin 1), (deformed body)
a: no special abilities


You were on level 4 of the Dungeon.
You were a tree.
You visited 1 branch of the dungeon, and saw 4 of its levels.

You collected 176 gold pieces.

Inventory:

Missiles
 t - 2 boomerangs (quivered)
Armour
 a - a +0 animal skin (melded)
 o - a +0 cloak (melded)
Jewellery
 g - a +6 ring of dexterity (left branch)
 r - a ring of see invisible
Talismans
 c - a beast talisman (active)
 d - a flux talisman
Scrolls
 e - a scroll of enchant weapon {unknown}
 f - a scroll of teleportation {unknown}
 h - 3 scrolls of identify {unknown}
 i - a scroll of acquirement {unknown}
 j - 2 scrolls of blinking
 l - a scroll of butterflies {unknown}
 p - a scroll of amnesia {unknown}
 q - a scroll of poison {unknown}
 s - 2 scrolls of fog {unknown}
Potions
 b - 2 potions of lignification
 k - a potion of might {unknown}
 m - a potion of enlightenment
 u - a potion of degeneration {unknown}


   Skills:
 - Level 1.5 Fighting
 + Level 0.2 Throwing
 - Level 2.1 Dodging
 - Level 3.4 Unarmed Combat
 * Level 4.5 Shapeshifting


You had 4 spell levels left.
You didn't know any spells.
Your spell library was empty.

Dungeon Overview and Level Annotations

Branches:
Dungeon (4/15)
 Temple: D:4-7

Altars:
Cheibriados


Innate Abilities, Weirdness & Mutations

You are a tree.
Your roots penetrate the ground, keeping you stationary.
You cannot be teleported.
You are immune to unholy pain and torment.
Your maximum health is greatly increased.
Your equipment is partially melded.
You are too large for most types of armour.
((You have claws for hands.))
Your natural rate of healing is unusually fast.
((You are covered in fur. (AC +1)))
((You have tough skin. (AC +1)))
((Armour fits poorly on your strangely shaped body.))


Message History

The adder bites you but does no damage.
You closely miss the adder.
The adder is severely wounded.
You feel sick. The iguana bites you! The adder barely misses you.
You scratch the adder.
You kill the adder!
You feel sick. The iguana bites you.
You have reached level 5!
You completely miss the iguana.
You feel sick.
You are no longer poisoned.
The iguana bites you.
You barely miss the iguana. The iguana bites you!
You claw the iguana!
The iguana is severely wounded.
The iguana bites you!
* * * LOW HITPOINT WARNING * * *
You closely miss the iguana.
The iguana is severely wounded.
The iguana bites you but does no damage.
You barely miss the iguana.
The iguana is severely wounded.
The iguana closely misses you.
Your transformation has ended.
Your +0 cloak unmelds from your body.
You turn into a tree.
Your +0 cloak melds into your body.
Your +0 animal skin melds into your body.
Your roots penetrate the ground.
The iguana bites you but does no damage.
You barely miss the iguana.
The iguana is severely wounded.
The iguana bites you.
* * * LOW HITPOINT WARNING * * *
It was a potion of enlightenment.
Your roots keep you in place.
The iguana bites you.
* * * LOW HITPOINT WARNING * * *
It was a potion of mutation.
You feel extremely strange.
Your thoughts seem clearer.
Your thinking seems confused.
Your body twists and deforms.
The iguana bites you!
You die...

.....#.⌠.#.. .
#...#...#. .. ........
..[....
#.....###........
#...#...... .... #
#.#....### ... #.
#........## ..
.###..###..<##....##<##
.?.....l♣..####....#..#
#.....####...###.#....##
..### ###..##.......#
####....##... #....# ..
......# . ###....#
#....# ####.#


You could see an iguana.

Vanquished Creatures
  An orc wizard (D:3)
  Robin (D:2)
  3 adders
  2 dart slugs (D:3)
  2 ribbon worms (D:2)
  4 orcs (D:3)
  5 bats
  6 endoplasms
  2 giant cockroaches
  11 goblins
  7 hobgoblins
  4 kobolds
  5 quokkas
  4 ball pythons
  A frilled lizard (D:1)
  6 rats
64 creatures vanquished.

Notes
Turn   | Place    | Note
-------+----------+-------------------------------------------
     0 | D:1      | anacleto the Troll Shapeshifter began the quest for the
                  | Orb.
     0 | D:1      | Reached XP level 1. HP: 18/18 MP: 0/0
    68 | D:1      | Reached skill level 1 in Fighting
    87 | D:1      | Reached XP level 2. HP: 22/27 MP: 1/1
   295 | D:1      | Found a faded altar of an unknown god.
   367 | D:1      | Reached XP level 3. HP: 33/33 MP: 2/2
   727 | D:2      | Noticed Robin
   758 | D:2      | Killed Robin
   759 | D:2      | Reached XP level 4. HP: 33/41 MP: 3/3
  1380 | D:3      | Reached skill level 4 in Shapeshifting
  1529 | D:3      | Found a snail-covered altar of Cheibriados.
  1822 | D:4      | Reached XP level 5. HP: 31/48 MP: 4/4
  1829 | D:4      | HP: 3/72 [iguana (3)]
  1830 | D:4      | Gained mutation: You possess an exceptional clarity of
                  | mind. [potion of mutation]
  1830 | D:4      | Lost mutation: You possess an exceptional clarity of mind.
                  | [potion of mutation]
  1830 | D:4      | Gained mutation: Armour fits poorly on your strangely
                  | shaped body. [potion of mutation]
  1830 | D:4      | Slain by an iguana

Illustrated notes

Levels and vault maps discovered:
D:1:      evilmike_arrival_crescent, layout_rooms,
          shapermc_ecumenical_altar_ellora
D:2:      layout_loops_ring, minmay_misc_feat_room, uniq_robin
D:3:      layout_loops_ring, kennysheep_slug_shrine
D:4:      layout_rooms, mainiacjoe_overflow_surrounded_room,
          mainiacjoe_overflow_concentric_impassable,
          minmay_temple_entry_junction_2

Skill      XL: |  1  2  3  4 |
---------------+-------------+-----
Fighting       | 1 |  1.5
Dodging        | 2 |  2.1
Shapeshifting  | 4 |  4.5
Throwing       | |  0.2
Unarmed Combat | |  3.4

Action                     |  1- 3 |  4- 6 || total
---------------------------+-------+-------++-------
  Melee: Unarmed           |    94 |    58 ||   152
         Punch             |     1 |     3 ||     4
Ability: Begin Untransform |       |     1 ||     1
    Use: Scroll            |       |     1 ||     1
         Potion            |       |     3 ||     3
   Stab: Sleeping          |     1 |       ||     1
 Armour: Animal skin       |    57 |    41 ||    98
         Skin              |       |     4 ||     4
  Dodge: Dodged            |    52 |    27 ||    79
   Form: Beast             |       |     1 ||     1

Table legend: (Time is in decaauts)
 A = Elapsed time spent in this place.
 B = Non-inter-level travel time spent in this place.
 C = Inter-level travel time spent in this place.
 D = Time resting spent in this place.
 E = Time spent auto-exploring this place.
 F = Levels seen in this place.
 G = Mean time per level.
                   A        B        C        D        E       F      G
               +--------+--------+--------+--------+--------+-----+--------+
         Total |   1821 |   1762 |     59 |      0 |   1225 |   4 |  455.2 |
       Dungeon |   1821 |   1762 |     59 |      0 |   1225 |   4 |  455.2 |
               +--------+--------+--------+--------+--------+-----+--------+

Top non-repeatable levels by time:
     D:2: 678 daAuts
     D:3: 629 daAuts
     D:1: 474 daAuts
     D:4: 38 daAuts
